 Dungeon Crawl Stone Soup version 0.17-a0-1409-ge6d9485 (webtiles) character file.

110940 RobertPalmer the Spry (level 16, -13/144 HPs)
             Began as a Red Draconian Chaos Knight on June 22, 2015.
             Killed from afar by a thorn hunter (35 damage)
             ... with a volley of thorns
             ... on level 2 of the Swamp.
             The game lasted 01:33:04 (32478 turns).

RobertPalmer the Spry (Red Draconian Chaos Knight) Turns: 32478, Time: 01:33:05

Health: -13/144    AC: 17    Str: 24 (25) XL:     16   Next: 8%
Magic:  0/16       EV: 22    Int: 16 (17) God:    Xom [..*...]
Gold:   2241       SH:  0    Dex:  8      Spells: 3 memorised, 8 levels left

rFire  + + .     SeeInvis +     b - +6 demon blade (chaos)
rCold  . . .     Clarity  .     (armour unavailable)
rNeg   . . .     SustAt   .     (no shield)
rPois  .         Gourm    .     J - +2 hat {Spirit}
rElec  .         Spirit   +     t - +0 cloak
rCorr  .         Warding  .     u - +2 pair of gloves
rMut   .         Stasis   .     n - +1 pair of boots
MR     +++..                    (no amulet)
Stlth  +.........               r - ring of see invisible {sInv, !d}
                                N - +4 ring of evasion

@: mighty, very slightly contaminated, invisible, extremely resistant to hostile
enchantments, very unstealthy
A: breathe fire, unfitting armour, stinger 2, talons 1, clumsy 1, deterioration
1, fire resistance 2, magic resistance 2, strong 1, cold-blooded, AC +9
a: Breathe Fire, Renounce Religion


You were on level 2 of the Swamp.
You worshipped Xom.
You were a toy of Xom.
You were not hungry.

You visited 3 branches of the dungeon, and saw 25 of its levels.
You also visited: Ice Cave and Volcano.

You collected 2462 gold pieces.
You spent 221 gold pieces at shops.

Inventory:

Hand weapons
 a - a +2 long sword of electrocution
   (You found it on level 13 of the Dungeon)
 b - a +6 demon blade of chaos (weapon)
   (Xom gifted it to you on level 1 of the Lair of Beasts)
 d - a +0 antimagic long sword
   (You found it on level 2 of the Lair of Beasts)
 K - a +6 triple sword of holy wrath
   (You acquired it on level 10 of the Dungeon)
 V - a +4 scimitar of flaming
   (You took it off an efreet on level 15 of the Dungeon)
Missiles
 G - 2 throwing nets {=f, !d}
Armour
 n - a +1 pair of boots (worn)
   (You found it on level 3 of the Dungeon)
 t - a +0 cloak (worn)
   (You bought it in a shop on level 5 of the Dungeon)
 u - a +2 pair of gloves (worn)
   (You found it on level 10 of the Dungeon)
 J - a +2 hat of spirit shield (worn)
   (You found it on level 11 of the Dungeon)
Jewellery
 i - an uncursed ring of protection from fire {rF+, !d}
   (You took it off Ijyb on level 3 of the Dungeon)
 o - a +4 ring of protection
   (You found it on level 6 of the Dungeon)
 r - a ring of see invisible (right hand) {sInv, !d}
   (You found it on level 4 of the Dungeon)
 I - an uncursed amulet of resist mutation {rMut, !d}
   (Xom gifted it to you on level 13 of the Dungeon)
 N - a +4 ring of evasion (left hand)
   (You found it in an ice cave)
 R - the ring "Suetotag" {SustAt Int+4}
   (You found it on level 8 of the Lair of Beasts)

   [ring of sustain attributes]

   It sustains your strength, intelligence and dexterity.
   It affects your intelligence (+4).
 X - an uncursed ring of positive energy {rN+}
   (You found it on level 15 of the Dungeon)
Magical devices
 l - a wand of lightning (9)
   (You found it on level 14 of the Dungeon)
 m - a wand of disintegration (11)
   (You found it on level 14 of the Dungeon)
Scrolls
 e - 8 scrolls of recharging
 y - a scroll of enchant weapon
 z - a scroll of amnesia
 C - 7 scrolls of remove curse
 E - 3 scrolls of vulnerability {!r!r}
 F - a scroll of magic mapping {!r}
 P - a scroll of summoning
 S - 3 scrolls of fog
 W - a scroll of identify
Potions
 g - 3 potions of cancellation
 h - 4 potions of haste
 k - 10 potions of curing
 q - a potion of flight
 s - a potion of resistance
 B - 4 potions of agility
 L - a potion of ambrosia {!q}
 M - 3 potions of mutation {!q}
 T - a potion of lignification {!q}
 U - a potion of brilliance
 Y - 2 potions of magic
Books
 O - a book of Battle
   (You found it on level 6 of the Lair of Beasts)
 Q - a book of Geomancy
   (You found it on level 8 of the Lair of Beasts)
 Z - a book of Air
   (You found it on level 12 of the Dungeon)
Miscellaneous
 H - a plain deck of changes {drawn: 1}
   (You found it on level 14 of the Dungeon)
Comestibles
 f - 13 meat rations {@e2}
 p - 18 bread rations {@e1}
 A - 29 royal jellies
 D - 9 fruits


   Skills:
 - Level 13.2 Fighting
 - Level 16.2 Long Blades
 - Level 16.8 Dodging
 + Level 8.7 Charms


You had 8 spell levels left.
You knew the following spells:

 Your Spells              Type           Power        Failure   Level  Hunger
b - Blink                 Tloc           N/A          38%         2    ###....
d - Repel Missiles        Chrm/Air       ##....       10%         2    ###....
z - Spectral Weapon       Hex/Chrm       ##......     14%         3    ####...


Dungeon Overview and Level Annotations

Branches:
Dungeon (15/15)            Temple (0/1) D:7            Lair (8/8) D:11
  Swamp (2/4) Lair:5        Snake (0/4) Lair:6        Slime (0/6) Lair:6
    Orc (0/4) D:12         Vaults (0/5) D:13         Depths (0/5) D:15

Altars:
Ashenzari
Cheibriados
Elyvilon
Fedhas
Gozag
Makhleb
Okawaru
Sif Muna
Xom
Yredelemnul
The Shining One
Beogh

Shops:
D:5 [*([(   D:6 *   D:8 (


Innate Abilities, Weirdness & Mutations

You can breathe blasts of fire.
Your fiery red scales are hard (AC +9).
Your body does not fit into most forms of armour.
Your flesh is very heat resistant.
You are cold-blooded and may be slowed by cold attacks.
Your tail ends in a sharp poisonous barb.
You have sharp toenails.
You are clumsy. (Dex -2)
Your body sometimes deteriorates upon taking damage.
You are highly resistant to hostile enchantments.
Your muscles are strong. (Str +2)


Message History

The briar patch crumbles away.
The bog body gestures at you while chanting.
The bolt of cold misses you.
Drink which item? (? for menu, Esc to quit)
You feel much better.
The briar patch crumbles away.
The briar patch crumbles away. x2
The thorn hunter hits you! The thorn hunter hits you.
You regained 14 hp, and now have 61/144 hp.
Drink which item? (? for menu, Esc to quit)
You feel very mighty all of a sudden.
The briar patch crumbles away. x2
The briar patch crumbles away. x2
The thorn hunter fires a volley of thorns at you.
The volley of thorns hits you!
You take 16 damage, and have 45/144 hp.
You now have 1/16 mp.
You closely miss the thorn hunter. The thorn hunter hits you.
The thorn hunter closely misses you.
You take 1 damage, and have 44/144 hp.
The briar patch crumbles away. x2
Read which item? (? for menu, Esc to quit)
Really read
w - a scroll of blinking {!r}?
Blink to where?
You are very lightly contaminated with residual magic.
As you read the scroll of blinking {!r}, it crumbles to dust.
The briar patch crumbles away. x2
The briar patch crumbles away.
The swamp worm misses you.
The briar patch crumbles away.
The swamp worm completely misses you. The swamp worm completely misses you.
Thorny briars emerge from the ground!
The swamp worm bites you!
* * * LOW HITPOINT WARNING * * *
You take 6 damage, and have 40/144 hp.
You now have 1/16 mp.
You slash the swamp worm!
You feel better. The swamp worm bites you!
You regained 5 hp, and now have 46/144 hp.
Drink which item? (? for menu, Esc to quit)
You feel much better. The swamp worm barely misses you.
The thorn hunter fires a volley of thorns at you.
The volley of thorns hits you!
You regained 9 hp, and now have 55/144 hp.
Drink which item? (? for menu, Esc to quit)
You feel much better. The swamp worm misses you.
You regained 25 hp, and now have 80/144 hp.
Drink which item? (? for menu, Esc to quit)
You fade into invisibility!
The swamp worm bites you! The swamp worm barely misses you.
You take 12 damage, and have 68/144 hp.
You slice the swamp worm!! You freeze the swamp worm! You slash the swamp worm!
You burn the swamp worm.
You kill the swamp worm!
You hear a splash.
Xom guffaws.
You slash the thorn hunter! You freeze the thorn hunter.
The thorn hunter closely misses you. The thorn hunter hits you!
The thorn hunter barely misses you.
The thorn hunter hits you but does no damage.
You take 14 damage, and have 55/144 hp.
Unknown command.
Read which item? (? for menu, Esc to quit)
As you read the scroll of summoning, it crumbles to dust.
Wisps of shadow whirl around you...
The briar patch crumbles away.
The briar patch crumbles away. x3
The thorn hunter fires a volley of thorns at you.
The volley of thorns hits you!
The thorn hunter fires a volley of thorns at you.
The volley of thorns hits you!
* * * LOW HITPOINT WARNING * * *
You take 16 damage, and have 39/144 hp.
Unknown command.
Drink which item? (? for menu, Esc to quit)
You feel better.
Your vampire mosquito bites the thorn hunter but does no damage.
The thorn hunter hits you.
* * * LOW HITPOINT WARNING * * *
The thorn hunter hits you but does no damage.
The thorn hunter hits you!
* * * LOW HITPOINT WARNING * * *
The thorn hunter hits you.
* * * LOW HITPOINT WARNING * * *
A giant leech comes into view.
You take 6 damage, and have 33/144 hp.
You now have 1/16 mp.
Drink which item? (? for menu, Esc to quit)
You feel better.
The briar patch crumbles away.
Your vampire mosquito bites the thorn hunter but does no damage. x2
The thorn hunter misses you. The thorn hunter hits you!
* * * LOW HITPOINT WARNING * * *
Thorny briars emerge from the ground!
Your alligator barely misses the thorn hunter.
Your alligator tail-slaps the thorn hunter!
You take 11 damage, and have 22/144 hp.
You now have 0/16 mp.
Read which item? (? for menu, Esc to quit)
Okay, then.
Okay, then.
The briar patch crumbles away. x2
Your vampire mosquito bites the thorn hunter.
The thorn hunter hits your alligator. The thorn hunter hits your alligator!
Your vampire mosquito bites the thorn hunter but does no damage.
Your alligator puts on a burst of speed!
The thorn hunter fires a volley of thorns at you.
The volley of thorns hits you!
You die...
Xom thinks this is hilarious!

≈..≈≈≈≈...≈.....♣
..≈≈≈≈.≈≈≈.w.♣♣♣
≈≈≈≈≈...≈♣♣♣♣
≈≈≈≈≈...≈≈..♣♣
.....♣♣≈..b..♣♣♣
(≈≈.♣ ♣.§n≈b≈.≈♣♣
.≈≈≈ ♣♣.fyb≈≈.P♣
≈≈≈ ♣♣fty≈≈≈P. ♣♣
♣P@≈Pb≈P.P


♣PPPP≈PPPPP ♣.≈≈≈Pb≈≈≈≈ ♣≈≈≈≈..≈≈≈≈ PPPPPPP.≈.§ PPPPPP♣♣♣♣♣≈ ≈≈≈..≈♣♣ ≈≈≈≈≈.♣♣
You could see 2 thorn hunters, a giant leech, a bog body, a friendly alligator
and 2 friendly vampire mosquitoes.

Vanquished Creatures
  Kirke (D:14)
  Nessos (Lair:8)
  Snorg (Lair:3)
  4 vault guards (D:13)
  2 fire dragons (D:15)
  9 hydras
  An ice dragon (Lair:8)
  A catoblepas (D:13)
  An anaconda (D:13)
  2 ogre magi (D:15)
  5 death yaks (Lair:8)
  3 centaur warriors
  3 alligators
  A queen ant (Lair:5)
  4 tengu warriors
  Urug (D:15)
  2 unseen horrors
  6 hill giants
  A swamp dragon (Swamp:1)
  2 ice statues (IceCv)
  Pikel (D:7)
  9 ugly things
  3 griffons
  A cyclops (shapeshifter) (D:15)
  A cyclops (D:10)
  4 manticores
  6 elephants
  3 toenail golems (Volcano)
  11 black mambas
  2 torpor snails
  23 spiny frogs
  11 komodo dragons
  A kobold demonologist (D:13)
  2 fire drakes (Lair:8)
  2 gargoyles
  4 trolls
  A tengu conjurer (D:15)
  An efreet (D:15)
  A wandering mushroom (Lair:5)
  8 polar bears
  2 giant leeches (Swamp:1)
  A merfolk (D:10)
  17 blink frogs
  Grinder (D:5)
  A slime creature (Swamp:1)
  3 raiju (Lair:8)
  5 two-headed ogres
  A bog body (Swamp:1)
  2 boulder beetles
  5 deep elf magi
  3 shadows
  A vampire (D:14)
  2 spriggans (Swamp:1)
  3 wyverns
  A yak (shapeshifter) (D:15)
  2 hungry ghosts
  A wraith (D:15)
  6 humans (Volcano)
  4 vampire mosquitoes
  51 yaks
  Grum (D:9)
  23 wolves
  5 basilisks
  3 swamp worms
  6 hogs (D:14)
  Menkaure (D:7)
  10 hippogriffs
  3 hell hounds (Lair:8)
  2 mottled dragons
  7 wargs (Lair:8)
  3 nagas (Lair:6)
  15 porcupines
  16 water moccasins
  Duvessa (D:7)
  7 orc warriors
  5 wasps
  20 ice beasts
  Purgy (D:4)
  3 phantoms
  11 soldier ants (Lair:5)
  2 sky beasts
  2 swamp drakes
  11 black bears
  18 ogres
  An eye of draining (D:11)
  3 slaves (D:7)
  13 centaurs
  A necrophage (D:10)
  A big kobold (D:13)
  22 crocodiles
  A brain worm (D:15)
  Dowan (D:7)
  4 scorpions
  28 giant frogs
  12 wights
  4 electric eels
  14 killer bees
  8 crimson imps
  5 centaur zombies
  A giant frog zombie (D:5)
  3 jellies
  5 centaur skeletons
  21 hounds
  10 orc wizards
  Ijyb (D:3)
  5 giant frog skeletons
  An iron imp (D:11)
  Terence (D:2)
  9 orc priests
  28 worker ants
  9 iguanas
  9 sheep (Lair:8)
  A killer bee zombie (D:8)
  A hound zombie (D:10)
  2 hound skeletons
  A gnoll (Lair:8)
  84 river rats
  16 adders
  6 shadow imps
  4 white imps
  An ooze (D:6)
  An adder skeleton (D:9)
  6 worms
  10 giant geckos
  45 orcs
  A bat skeleton (D:4)
  7 giant cockroaches
  20 goblins
  11 hobgoblins
  15 jackals
  3 quokkas
  22 bats
  A giant cockroach zombie (D:6)
  A giant gecko skeleton (D:4)
  2 giant newts
  A jackal zombie (D:5)
  24 kobolds
  A quokka skeleton (D:7)
  11 rats
  A briar patch (Swamp:2)
  A fungus (Swamp:1)
  A plant (Lair:3)
956 creatures vanquished.

Vanquished Creatures (collateral kills)
  3 hydras
  2 spiny frogs
  2 komodo dragons
  A fire drake (Lair:8)
  3 blink frogs
  A polar bear (Lair:8)
  A hippogriff (Lair:8)
  A yak (Lair:5)
  4 wolves
  A hungry ghost (D:13)
  A porcupine (Lair:6)
  5 soldier ants (Lair:5)
  An orc warrior (D:12)
  2 black bears (Lair:8)
  A slave (D:7)
  A giant frog skeleton (D:13)
  An orc wizard (D:4)
  A jelly (Lair:5)
  13 worker ants (Lair:5)
  An adder (D:7)
  3 river rats (Lair:6)
  An orc (D:4)
  A bat skeleton (D:7)
  A quokka skeleton (D:4)
  A briar patch (Swamp:2)
  2 fungi
55 creatures vanquished.

Vanquished Creatures (others)
  2 spiny frogs (Lair:7)
  2 deep elf magi (D:11)
  A yak (Lair:5)
  An ogre (D:9)
  2 giant frogs
  2 killer bees (D:11)
  A hound (Lair:8)
  An orc wizard (D:11)
  A river rat (Lair:2)
  3 orcs (D:11)
  A bush (Lair:3)
  12 fungi
  14 plants
  A spectral weapon (Lair:8)
44 creatures vanquished.

Grand Total: 1055 creatures vanquished

Notes
Turn   | Place    | Note
--------------------------------------------------------------
     0 | D:1      | RobertPalmer the Draconian Chaos Knight began the quest for the Orb.
     0 | D:1      | Reached XP level 1. HP: 19/19 MP: 1/1
    39 | D:1      | XOM: butterfly on damage
   287 | D:1      | XOM: harmless Fire miscast
   504 | D:1      | Reached XP level 2. HP: 26/26 MP: 2/2
   583 | D:1      | XOM: give mutations
   583 | D:1      | Gained mutation: You are resistant to hostile enchantments. [Xom's grace]
   583 | D:1      | Gained mutation: You have sharp toenails. [Xom's grace]
   583 | D:1      | Gained mutation: Your flesh is heat resistant. [Xom's grace]
   583 | D:1      | Gained mutation: You have supernaturally acute eyesight. [Xom's grace]
   826 | D:1      | XOM: swap monsters
   977 | D:1      | XOM: harmless Trmt miscast
  1055 | D:1      | XOM: scenery: 1 doors close
  1281 | D:2      | XOM: god gift: 25 gold pieces
  1282 | D:2      | Reached skill level 4 in Long Blades
  1426 | D:2      | Found a blossoming altar of Fedhas.
  1431 | D:2      | XOM: vitrification
  1523 | D:2      | Reached XP level 3. HP: 25/31 MP: 3/3
  1978 | D:2      | XOM: mild Hex miscast
  2090 | D:2      | XOM: vitrification
  2105 | D:2      | XOM: colour smoke trail
  2255 | D:2      | Reached XP level 4. HP: 35/38 MP: 4/4
  2267 | D:2      | XOM: god gift: 13 silver bolts
  2550 | D:3      | XOM: polymorph rat -> bat
  2561 | D:3      | Reached skill level 5 in Long Blades
  2703 | D:3      | XOM: 1-stop teleportation journey
  2706 | D:3      | XOM: noise
  2718 | D:2      | XOM: potion effect (berserk rage)
  2812 | D:3      | XOM: butterfly on damage
  2813 | D:3      | XOM: confuse monster(s)
  3027 | D:3      | Noticed Terence
  3064 | D:2      | Killed Terence
  3100 | D:2      | XOM: harmless Summ miscast
  3290 | D:3      | Noticed Ijyb
  3293 | D:3      | XOM: potion effect (experience)
  3293 | D:3      | Reached skill level 10 in Dodging
  3293 | D:3      | Reached XP level 5. HP: 45/45 MP: 5/5
  3305 | D:3      | Killed Ijyb
  3305 | D:3      | Reached XP level 6. HP: 46/51 MP: 6/6
  3307 | D:3      | XOM: divination: detect creatures
  3486 | D:3      | Reached skill level 6 in Long Blades
  3726 | D:3      | XOM: harmless Pois miscast
  3760 | D:3      | XOM: mild Fire miscast
  3925 | D:4      | Noticed Purgy
  3928 | D:4      | XOM: cast spell 'Summon Butterflies'
  3939 | D:4      | XOM: summons friendly quasit
  3948 | D:4      | Lost mutation: You have supernaturally acute eyesight. [potion of mutation]
  3948 | D:4      | Lost mutation: Your flesh is heat resistant. [potion of mutation]
  3948 | D:4      | Gained mutation: You have a pair of small horns on your head. [potion of mutation]
  3948 | D:4      | XOM: potion effect (berserk rage)
  3951 | D:4      | XOM: chaos cloud
  3952 | D:4      | Killed Purgy
  3956 | D:4      | XOM: enchant monster (good)
  3960 | D:4      | Your scales start taking on a fiery red colour.
  3960 | D:4      | Gained mutation: Your flesh is heat resistant. [Red Draconian growth]
  3960 | D:4      | Reached XP level 7. HP: 53/57 MP: 7/7
  4151 | D:4      | XOM: divination: detect items
  4155 | D:4      | XOM: confuse monster(s)
  4199 | D:4      | Reached skill level 7 in Long Blades
  4493 | D:4      | Found a deep blue altar of Sif Muna.
  4644 | D:5      | Entered Level 5 of the Dungeon
  4670 | D:5      | XOM: enchant monster (bad)
  4725 | D:5      | Found Geog's Antique Weapon Emporium.
  4742 | D:5      | Noticed Grinder
  4748 | D:5      | Paralysed by Grinder for 6 turns
  4982 | D:5      | XOM: medium Trmt miscast
  4991 | D:5      | HP: 12/57 [ogre/giant club (25)]
  4991 | D:5      | XOM: butterfly on damage
  5007 | D:5      | XOM: mild Divn miscast
  5008 | D:5      | XOM: repel stairs
  5012 | D:5      | XOM: polymorph butterfly -> adder
  5153 | D:5      | Killed Grinder
  5153 | D:5      | Reached skill level 8 in Long Blades
  5153 | D:5      | Reached XP level 8. HP: 58/63 MP: 8/8
  5171 | D:5      | Found Koim's Antique Armour Emporium.
  5171 | D:5      | XOM: confuse monster(s)
  5172 | D:5      | XOM: swap monsters
  5233 | D:5      | Bought a cloak for 157 gold pieces
  5269 | D:5      | XOM: enchant monster (good)
  5443 | D:5      | XOM: divination: detect creatures
  5477 | D:5      | Found Obbeed's Assorted Antiques.
  5480 | D:5      | Bought a scroll labeled AMUMUI MOGO for 16 gold pieces
  5480 | D:5      | Bought a scroll labeled TEQIZO TILAIRCH for 16 gold pieces
  5480 | D:5      | Bought a scroll of identify for 32 gold pieces
  5534 | D:5      | Found Cocuamp's Antique Armour Shop.
  5536 | D:5      | Found Gof Fymp's Weapon Emporium.
  5863 | D:5      | XOM: scenery: 1 doors open
  5902 | D:5      | XOM: colour smoke trail
  5982 | D:5      | Found a shimmering altar of Xom.
  6072 | D:6      | Found Epno's General Store.
  6078 | D:6      | Found a basalt altar of Yredelemnul.
  6189 | D:6      | XOM: enchant monster (good)
  6206 | D:6      | Reached skill level 9 in Long Blades
  6748 | D:6      | XOM: silly message
  6764 | D:6      | Reached XP level 9. HP: 70/70 MP: 9/9
  6812 | D:6      | XOM: swap monsters
  6900 | D:6      | Found an iron altar of Okawaru.
  6901 | D:6      | Found a white marble altar of Elyvilon.
  6902 | D:6      | Found a burning altar of Makhleb.
  7200 | D:7      | XOM: enchant monster (bad)
  7203 | D:7      | XOM: cast spell 'Ring of Flames'
  7212 | D:7      | XOM: harmless Ice miscast
  7238 | D:7      | Reached skill level 10 in Long Blades
  7297 | D:7      | XOM: medium Trmt miscast
  7303 | D:7      | XOM: noise
  7308 | D:7      | XOM: divination: magic mapping
  7359 | D:7      | XOM: harmless Erth miscast
  7385 | D:7      | XOM: mild Tloc miscast
  7431 | D:7      | Noticed Pikel
  7431 | D:7      | XOM: potion effect (agility)
  7443 | D:7      | XOM: harmless Necr miscast
  7445 | D:7      | XOM: summons friendly ufetubus
  7448 | D:7      | XOM: fake destruction
  7478 | D:7      | XOM: potion effect (berserk rage)
  7537 | D:7      | Noticed Duvessa
  7542 | D:7      | Noticed Dowan
  7548 | D:7      | Killed Duvessa
  7559 | D:7      | XOM: potion effect (berserk rage)
  7562 | D:7      | Killed Dowan
  7660 | D:7      | Found a staircase to the Ecumenical Temple.
  7660 | D:7      | Noticed Menkaure
  7672 | D:7      | Killed Menkaure
  7987 | D:7      | XOM: harmless Chrm miscast
  8090 | D:7      | XOM: silly message
  8196 | D:7      | XOM: give mutation
  8196 | D:7      | Gained mutation: Your system is resistant to poisons. [Xom's grace]
  8254 | D:8      | Reached skill level 11 in Long Blades
  8556 | D:7      | Killed Pikel
  8662 | D:8      | Reached XP level 10. HP: 27/77 MP: 10/10
  8663 | D:8      | Found Curaoheu's Weapon Boutique.
  8767 | D:8      | XOM: 2-stop teleportation journey
  8884 | D:9      | XOM: cast spell 'Ice Form'
  9001 | D:9      | XOM: 3-stop teleportation journey
  9026 | D:9      | XOM: noise
  9031 | D:9      | XOM: divine lightning (protected)
  9042 | D:9      | XOM: noise
  9045 | D:9      | Reached skill level 12 in Long Blades
  9243 | D:9      | XOM: colour smoke trail
  9291 | D:9      | XOM: blink monster(s)
  9398 | D:9      | Noticed Grum
  9411 | D:9      | XOM: give mutations
  9411 | D:9      | Gained mutation: Your body sometimes deteriorates upon taking damage. [Xom's mischief]
  9411 | D:9      | Lost mutation: You have a pair of small horns on your head. [Xom's mischief]
  9415 | D:9      | Killed Grum
  9527 | D:9      | XOM: silly message
  9703 | D:9      | XOM: 8-stop teleportation journey
  9821 | D:9      | Found a snail-covered altar of Cheibriados.
  9821 | D:9      | XOM: 5-stop teleportation journey
 10170 | D:9      | Gained mutation: You possess an exceptional clarity of mind. [potion of beneficial mutation]
 10194 | D:9      | XOM: mild Trmt miscast
 10200 | D:9      | XOM: enchant monster (good)
 10562 | D:9      | Noticed a hill giant
 10585 | D:9      | Killed a hill giant
 10585 | D:9      | Reached skill level 13 in Long Blades
 10647 | D:9      | Found a shattered altar of Ashenzari.
 10745 | D:9      | XOM: summons friendly iron imp
 10798 | D:10     | Entered Level 10 of the Dungeon
 10840 | D:10     | Reached skill level 4 in Fighting
 10955 | D:10     | XOM: harmless Air miscast
 11060 | D:10     | XOM: medium Conj miscast
 11071 | D:10     | XOM: enchant monster (bad)
 11083 | D:10     | Reached skill level 5 in Fighting
 11244 | D:10     | Reached XP level 11. HP: 79/89 MP: 11/11
 11246 | D:10     | Noticed a cyclops
 11249 | D:10     | Noticed an unseen horror
 11252 | D:10     | XOM: enchant monster (good)
 11257 | D:10     | Reached skill level 6 in Fighting
 11273 | D:10     | Killed an unseen horror
 11279 | D:10     | XOM: harmless Air miscast
 11281 | D:10     | XOM: potion effect (agility)
 11290 | D:10     | XOM: divination: magic mapping
 11291 | D:10     | Killed a cyclops
 11291 | D:10     | Reached skill level 7 in Fighting
 11307 | D:10     | XOM: cast spell 'Dispersal'
 11325 | D:10     | XOM: enchant monster (good)
 11513 | D:10     | Identified a scroll of acquirement
 11535 | D:10     | XOM: enchant monster (bad)
 11541 | D:10     | XOM: confuse monster(s)
 11550 | D:10     | XOM: harmless Ice miscast
 11559 | D:10     | XOM: enchant monster (bad)
 11574 | D:10     | XOM: noise
 11717 | D:10     | XOM: potion effect (agility)
 11771 | D:10     | XOM: divination: detect creatures
 11789 | D:10     | XOM: silly message
 12051 | D:10     | XOM: cast spell 'Summon Butterflies'
 12164 | D:10     | XOM: vitrification
 12316 | D:11     | XOM: confuse monster(s)
 12325 | D:11     | Reached skill level 14 in Long Blades
 12340 | D:11     | XOM: divination: detect items
 12408 | D:11     | XOM: polymorph giant frog -> wasp
 12409 | D:11     | XOM: confuse monster(s)
 12504 | D:11     | Found a staircase to the Lair.
 12504 | D:11     | XOM: 5-stop teleportation journey
 12524 | D:11     | XOM: potion effect (invisibility)
 12527 | D:11     | XOM: chaos cloud
 12529 | D:11     | Paralysed by you for 7 turns
 12530 | D:11     | XOM: noise
 12547 | D:11     | Noticed a hill giant
 12551 | D:11     | XOM: cast spell 'Dispersal'
 12555 | D:11     | XOM: enchant monster (good)
 12558 | D:11     | Killed a hill giant
 12576 | D:11     | XOM: chaos upgrade
 12609 | D:11     | XOM: colour smoke trail
 12757 | D:11     | Learned a level 2 spell: Repel Missiles
 12760 | D:11     | Learned a level 2 spell: Blink
 12832 | D:11     | XOM: silly message
 13052 | D:11     | XOM: draining
 13117 | D:11     | XOM: mild Conj miscast
 13120 | D:11     | XOM: chaos cloud
 13123 | D:11     | Paralysed by you for 6 turns
 13241 | D:11     | Noticed a five-headed hydra
 13255 | D:11     | XOM: divination: magic mapping
 13256 | D:11     | Killed a six-headed hydra
 13256 | D:11     | Reached skill level 15 in Long Blades
 13259 | D:11     | XOM: potion effect (might)
 13337 | D:11     | XOM: medium Air miscast
 13357 | D:11     | Reached XP level 12. HP: 61/101 MP: 12/12
 13658 | Lair:1   | Entered Level 1 of the Lair of Beasts
 13687 | Lair:1   | XOM: noise
 13691 | Lair:1   | XOM: noise
 13705 | Lair:1   | XOM: enchant monster (good)
 13719 | Lair:1   | XOM: confuse monster(s)
 13727 | Lair:1   | Found a dark tunnel.
 13735 | Volcano  | Entered a volcano
 13745 | Volcano  | XOM: blink monster(s)
 13750 | Volcano  | XOM: enchant monster (good)
 13837 | Volcano  | XOM: silly message
 13862 | Volcano  | XOM: colour smoke trail
 14045 | Lair:1   | XOM: summons 7 friendly demons
 14053 | Lair:1   | XOM: confuse monster(s)
 14170 | Lair:1   | Reached skill level 16 in Long Blades
 14462 | Lair:1   | XOM: divination: detect creatures
 14483 | Lair:1   | XOM: confuse monster(s)
 14496 | Lair:1   | XOM: confuse monster(s)
 14505 | Lair:1   | XOM: god gift: glowing demon blade {god gift}
 14548 | Lair:1   | XOM: give mutations
 14548 | Lair:1   | Gained mutation: Your tail ends in a poisonous barb. [Xom's grace]
 14548 | Lair:1   | Gained mutation: Your mind is acute. (Int +2) [Xom's grace]
 14618 | Lair:1   | XOM: summons 6 hostile demons
 14693 | Lair:1   | XOM: god gift: 42 gold pieces
 14747 | Lair:1   | XOM: god gift: knobbly moonstone ring {god gift}
 15045 | Lair:1   | Reached skill level 8 in Fighting
 15217 | Lair:2   | XOM: swap monsters
 15232 | Lair:2   | XOM: divine lightning
 15241 | Lair:2   | XOM: polymorph hippogriff -> two-headed ogre
 15266 | Lair:2   | Reached skill level 9 in Fighting
 15302 | Lair:2   | Noticed a six-headed hydra
 15311 | Lair:2   | XOM: summons 6 friendly demons
 15315 | Lair:2   | XOM: harmless Tloc miscast
 15387 | Lair:1   | XOM: silly message
 15488 | Lair:2   | XOM: smoke on damage
 15493 | Lair:2   | XOM: cast spell 'Ice Form'
 15509 | Lair:2   | XOM: blink monster(s)
 15535 | Lair:2   | XOM: enchant monster (good)
 15548 | Lair:2   | XOM: summons friendly quasit
 15586 | Lair:2   | XOM: smoke on damage
 15592 | Lair:2   | XOM: swap monsters
 15763 | Lair:2   | XOM: harmless Necr miscast
 15815 | Lair:2   | XOM: cast spell 'Beastly Appendage'
 15856 | Lair:2   | XOM: destruction
 15870 | Lair:2   | Killed a six-headed hydra
 15918 | Lair:2   | XOM: god gift: phantom mirror
 15965 | Lair:2   | XOM: 2-stop teleportation journey
 16108 | Lair:2   | Reached skill level 10 in Fighting
 16144 | Lair:2   | XOM: fog
 16176 | Lair:2   | XOM: 1-stop teleportation journey
 16190 | Lair:2   | XOM: summons friendly white imp
 16244 | Lair:2   | XOM: harmless Divn miscast
 16563 | Lair:3   | Noticed an eight-headed hydra
 16566 | Lair:3   | XOM: potion effect (invisibility)
 16591 | Lair:3   | XOM: harmless Tloc miscast
 16604 | Lair:3   | Killed a nine-headed hydra
 16689 | Lair:3   | XOM: silly message
 16692 | Lair:3   | XOM: harmless Ice miscast
 16813 | Lair:3   | Reached skill level 11 in Fighting
 17054 | Lair:3   | XOM: divination: detect creatures
 17188 | Lair:3   | XOM: silly message
 17405 | Lair:3   | Noticed Snorg
 17431 | Lair:3   | XOM: cast spell 'Metabolic Englaciation'
 17434 | Lair:3   | XOM: potion effect (agility)
 17442 | Lair:3   | Reached XP level 13. HP: 116/116 MP: 13/13
 17458 | Lair:3   | Killed Snorg
 17937 | Lair:4   | XOM: harmless Necr miscast
 17938 | Lair:4   | XOM: divination: detect creatures
 18161 | Lair:4   | XOM: colour smoke trail
 18163 | Lair:4   | XOM: medium Chrm miscast
 18270 | Lair:4   | Reached skill level 12 in Fighting
 18361 | Lair:4   | XOM: god gift: 17 royal jellies
 18714 | Lair:5   | XOM: cast spell 'Chain of Chaos'
 18746 | Lair:5   | XOM: snakes to sticks
 18801 | Lair:5   | XOM: enchant monster (bad)
 18896 | Lair:5   | XOM: confuse monster(s)
 18936 | Lair:5   | XOM: god gift: 41 gold pieces
 18965 | Lair:5   | XOM: summons friendly white imp
 18989 | Lair:5   | XOM: divination: detect creatures
 19338 | Lair:5   | Reached skill level 13 in Fighting
 19341 | Lair:5   | Found a staircase to the Swamp.
 19609 | Lair:5   | XOM: enchant monster (good)
 19613 | Lair:5   | XOM: cast spell 'Summon Dragon'
 19644 | Lair:5   | XOM: polymorph worker ant -> jelly
 19673 | Lair:5   | XOM: enchant monster (good)
 19674 | Lair:5   | Reached skill level 11 in Dodging
 19699 | Lair:5   | XOM: summons 3 friendly demons
 19710 | Lair:5   | XOM: confuse monster(s)
 19728 | Lair:5   | XOM: destruction
 20069 | Lair:6   | XOM: summons friendly white imp
 20070 | Lair:6   | XOM: cast spell 'Death Channel'
 20077 | Lair:6   | XOM: stat loss: -1 Int (17/18)
 20202 | Lair:6   | Learned a level 3 spell: Spectral Weapon
 20322 | Lair:6   | Found a staircase to the Slime Pits.
 20337 | Lair:6   | Found a staircase to the Snake Pit.
 20449 | Lair:6   | XOM: repel stairs
 20456 | Lair:6   | XOM: blink monster(s)
 20726 | Lair:6   | Reached skill level 12 in Dodging
 20733 | Lair:6   | XOM: repel stairs
 20815 | Lair:6   | XOM: stat loss: -1 Dex (9/10)
 21084 | Lair:6   | XOM: repel stairs
 21219 | Lair:6   | XOM: summons 2 hostile demons
 21298 | Lair:7   | XOM: chaos cloud
 21356 | Lair:7   | XOM: noise
 21362 | Lair:7   | XOM: divine lightning (protected)
 21549 | Lair:7   | XOM: confuse monster(s)
 21726 | Lair:7   | Reached XP level 14. HP: 120/129 MP: 14/14
 22274 | Lair:7   | XOM: enchant monster (bad)
 22277 | Lair:7   | XOM: enchant monster (bad)
 22281 | Lair:7   | Reached skill level 13 in Dodging
 22334 | Lair:7   | XOM: noise
 22645 | Lair:8   | Entered Level 8 of the Lair of Beasts
 22707 | Lair:8   | XOM: summons 4 hostile demons
 22755 | Lair:8   | XOM: blink monster(s)
 22762 | Lair:8   | XOM: fog
 22777 | Lair:8   | XOM: cast spell 'Blink'
 23057 | Lair:8   | XOM: vitrification
 23061 | Lair:8   | XOM: confuse monster(s)
 23179 | Lair:8   | XOM: cast spell 'Summon Swarm'
 23488 | Lair:8   | XOM: polymorph black bear -> mottled dragon
 23497 | Lair:8   | XOM: confuse monster(s)
 23517 | Lair:8   | Got a sparkling amber ring
 23518 | Lair:8   | Identified the ring "Suetotag" {SustAt Int+4} (You found it on level 8 of the Lair of Beasts)
 23532 | Lair:8   | XOM: potion effect (brilliance)
 23543 | Lair:8   | Reached skill level 14 in Dodging
 23550 | Lair:8   | XOM: summons 5 friendly demons
 23643 | Lair:8   | XOM: summons 7 friendly demons
 23702 | Lair:8   | XOM: noise
 23717 | Lair:8   | HP: 32/129 [poisoned by a spiny frog]
 23722 | Lair:8   | HP: 30/129 [poisoned by a spiny frog]
 23727 | Lair:8   | HP: 28/129 [poisoned by a spiny frog]
 23732 | Lair:8   | HP: 28/129 [poisoned by a spiny frog]
 23739 | Lair:8   | HP: 28/129 [poisoned by a spiny frog]
 23747 | Lair:8   | HP: 28/129 [poisoned by a spiny frog]
 23932 | Lair:8   | XOM: god gift: 7 javelins of penetration
 24051 | Lair:8   | XOM: swap monsters
 24084 | Lair:8   | XOM: enchant monster (good)
 24088 | Lair:8   | Noticed Nessos
 24090 | Lair:8   | XOM: divination: detect items
 24098 | Lair:8   | Killed Nessos
 24276 | Lair:8   | XOM: 1-stop teleportation journey
 24277 | Lair:8   | Upgraded the game from 0.17-a0-1404-gb8113a6 to 0.17-a0-1409-ge6d9485
 24398 | Lair:8   | XOM: polymorph white imp -> white imp
 24405 | Lair:8   | XOM: smoke on damage
 24503 | Lair:8   | XOM: god gift: 2 needles of sleeping
 24665 | Lair:8   | XOM: enchant monster (good)
 24730 | Lair:8   | XOM: god gift: potion of brilliance
 24752 | Lair:8   | Reached skill level 15 in Dodging
 24867 | Lair:8   | XOM: 3-stop teleportation journey
 24878 | Lair:8   | XOM: cast spell 'Dispersal'
 25088 | Lair:8   | XOM: potion effect (might)
 25154 | Lair:8   | XOM: potion effect (brilliance)
 25164 | Lair:8   | XOM: cast spell 'Blink'
 25312 | Lair:8   | XOM: harmless Pois miscast
 25405 | Lair:8   | XOM: silly message
 25472 | Lair:8   | XOM: god gift: plate armour {god gift}
 25667 | Lair:8   | XOM: summons friendly sixfirhy
 25679 | Lair:8   | XOM: summons friendly sixfirhy
 25700 | Lair:8   | XOM: vitrification
 25702 | Lair:8   | XOM: summons 14 friendly demons
 25713 | Lair:8   | XOM: fog
 25735 | Lair:8   | XOM: enchant monster (good)
 25747 | Lair:8   | Reached XP level 15. HP: 107/136 MP: 12/15
 26219 | D:12     | Found a glowing golden altar of the Shining One.
 26509 | D:12     | XOM is BORED!
 26509 | D:12     | XOM: medium Air miscast
 26589 | D:12     | Found a staircase to the Orcish Mines.
 26593 | D:12     | XOM: cast spell 'Summon Small Mammal'
 26600 | D:12     | Found a roughly hewn altar of Beogh.
 26600 | D:12     | XOM: swap monsters
 26662 | D:12     | XOM: give mutations
 26662 | D:12     | Gained mutation: Your muscles are strong. (Str +2) [Xom's grace]
 26662 | D:12     | Gained mutation: You are highly resistant to hostile enchantments. [Xom's grace]
 26662 | D:12     | Gained mutation: Your tail ends in a sharp poisonous barb. [Xom's grace]
 26662 | D:12     | Gained mutation: Your flesh is very heat resistant. [Xom's grace]
 27218 | D:13     | XOM: cast spell 'Summon Dragon'
 27293 | D:13     | XOM: divination: detect items
 27296 | D:13     | XOM: potion effect (berserk rage)
 27297 | D:13     | XOM: enchant monster (good)
 27306 | D:13     | Reached skill level 16 in Dodging
 27439 | D:13     | XOM: potion effect (brilliance)
 27457 | D:13     | XOM: harmless Necr miscast
 27670 | D:13     | Found a gate to the Vaults.
 28181 | D:13     | XOM: enchant monster (good)
 28199 | D:13     | XOM: polymorph hill giant -> anaconda
 28289 | D:13     | XOM: god gift: square bronze amulet {god gift}
 28292 | D:13     | XOM: noise
 28437 | D:13     | XOM: mild Conj miscast
 28647 | D:14     | XOM: blink monster(s)
 28648 | D:14     | XOM: 2-stop teleportation journey
 28669 | D:14     | Found a frozen archway.
 28687 | D:14     | XOM: 1-stop teleportation journey
 28698 | D:14     | XOM: medium Hex miscast
 28741 | D:14     | XOM: potion effect (berserk rage)
 28770 | IceCv    | Entered an ice cave
 28786 | IceCv    | XOM: blink monster(s)
 28948 | IceCv    | XOM: mild Fire miscast
 28956 | IceCv    | Reached skill level 1 in Charms
 28972 | IceCv    | XOM: summons 14 friendly demons
 29024 | D:14     | XOM: vitrification
 29031 | D:14     | XOM: destruction
 29059 | D:14     | Noticed Kirke
 29072 | D:14     | XOM: destruction
 29086 | D:14     | XOM: cast spell 'Blink'
 29089 | D:14     | Noticed a sphinx
 29090 | D:14     | Reached skill level 2 in Charms
 29110 | D:14     | Killed Kirke
 29110 | D:14     | Reached skill level 3 in Charms
 29499 | D:14     | XOM: colour smoke trail
 29654 | D:14     | XOM: divination: detect creatures
 29667 | D:14     | XOM: noise
 29690 | D:14     | Reached skill level 4 in Charms
 29825 | D:14     | XOM: potion effect (invisibility)
 29829 | D:14     | XOM: confuse monster(s)
 29830 | D:14     | XOM: enchant monster (bad)
 30027 | D:14     | XOM: harmless Erth miscast
 30101 | D:14     | Reached skill level 5 in Charms
 30251 | D:15     | XOM: noise
 30251 | D:15     | Entered Level 15 of the Dungeon
 30285 | D:15     | XOM: noise
 30361 | D:15     | XOM: summons 3 friendly demons
 30365 | D:15     | XOM: god gift: potion of heal wounds
 30441 | D:15     | Noticed Urug
 30454 | D:15     | XOM: summons 6 friendly demons
 30459 | D:15     | Killed Urug
 30464 | D:15     | XOM: vitrification
 30465 | D:15     | Found an opulent altar of Gozag.
 30515 | D:15     | Reached skill level 6 in Charms
 30624 | D:15     | XOM: summons 11 friendly demons
 30690 | D:15     | Found a staircase to the Depths.
 30888 | D:15     | Reached skill level 7 in Charms
 30983 | D:15     | XOM: give mutations
 30983 | D:15     | Gained mutation: You are clumsy. (Dex -2) [Xom's mischief]
 30983 | D:15     | Lost mutation: You possess an exceptional clarity of mind. [Xom's mischief]
 30983 | D:15     | Lost mutation: Your mind is acute. (Int +2) [Xom's mischief]
 30983 | D:15     | Lost mutation: Your system is resistant to poisons. [Xom's mischief]
 31132 | D:15     | XOM: confuse monster(s)
 31624 | Swamp:1  | Entered Level 1 of the Swamp
 31653 | Swamp:1  | XOM: divination: detect creatures
 31697 | Swamp:1  | XOM: divination: detect creatures
 31791 | Swamp:1  | XOM: noise
 31796 | Swamp:1  | XOM: polymorph spriggan rider -> slime creature
 31803 | Swamp:1  | XOM: summons 5 friendly demons
 31804 | Swamp:1  | Reached skill level 8 in Charms
 32009 | Swamp:1  | Reached XP level 16. HP: 140/144 MP: 16/16
 32182 | Swamp:1  | XOM: divination: magic mapping
 32203 | Swamp:1  | XOM: god gift: wand of fire {god gift}
 32413 | Swamp:1  | You fall through a shaft!
 32413 | Swamp:2  | XOM: 2-stop teleportation journey
 32422 | Swamp:2  | XOM: confuse monster(s)
 32429 | Swamp:2  | XOM: enchant monster (bad)
 32436 | Swamp:2  | XOM: noise
 32449 | Swamp:2  | HP: 32/144 [alligator (8)]
 32473 | Swamp:2  | XOM: cast spell 'Summon Butterflies'
 32476 | Swamp:2  | HP: 36/144 [thorn hunter (7)]
 32478 | Swamp:2  | Killed from afar by a thorn hunter

Vault maps used:
D:1:      kilobyte_arrival_exit_the_forest, serial_bayou_lagoon_a,
          dk_noncrumbling_2
D:2:      fedhas_altar_1
D:3:      kennysheep_the_goblin_king, uniq_terence
D:4:      led_sif_pool, uniq_purgy
D:5:      kennysheep_mini, first_bread, serial_shops, shop,
          nicolae_shop_behind_doors, shop, nicolae_shop_behind_doors,
          nicolae_shop_stone, uniq_grinder
D:6:      gammafunk_temple_overflow_forgotten, serial_shops,
          kennysheep_mini_moat, basic_altar
D:7:      minmay_temple_entry_junction, uniq_menkaure, uniq_pikel, uniq_duvessa
D:8:      nicolae_whirlpool, serial_shops, shop, lemuel_flamethrower_2
D:9:      amethyst_overflow_temple_binary, uniq_grum
D:10:     hangedman_fish_farm, grunt_potential
D:11:     erik_lair_island, hangedman_minor_magic
D:12:     minmay_orc_entry_temple_small, basic_altar, kennysheep_diamond
D:13:     lightli_vaults_fourway_checkpoint
D:14:     portal_ice_cave_entry_ice_beasts, serial_glass, glass_columns_c,
          glass_columns_a, glass_columns_a, glass_columns_b, glass_columns_c,
          glass_columns_b, uniq_kirke
D:15:     grunt_enter_depths_hoard, nicolae_gozag_seed_capital, uniq_urug
Lair:1:   lightli_volcano_entry_magma_tube, infiniplex_staircase_pool
Lair:2:   minivault_24
Lair:3:   wad_woods_06, uniq_snorg
Lair:5:   swamp_mist_pool, zaba_anthell
Lair:6:   guppyfry_snake_entry_island, slime_dummy, bh_autumn_forest_stairs
Lair:7:   lemuel_fruit_fields, serial_bayou_shore_a
Lair:8:   hangedman_lair_in_review, hangedman_lair_caniforms_friends,
          bobbens_ice_dragon_lair, uniq_nessos
Swamp:1:  hangedman_swamp_lotus, uniq_aizul
Swamp:2:  evilmike_swamp_ruin_house_3, swamp_pool3,
          nicolae_swamp_alligator_family
IceCv:    ice_cave_statue_garden_01
Volcano:  volcano_bunker

Action                   |  1- 3 |  4- 6 |  7- 9 | 10-12 | 13-15 | 16-18 || total
-------------------------+-------+-------+-------+-------+-------+-------++-------
Melee: Falchion          |    91 |   178 |   389 |   222 |       |       ||   880
       Long sword        |       |       |       |   101 |   439 |       ||   540
       Triple sword      |       |       |       |   333 |       |       ||   333
       Demon blade       |       |       |       |   261 |  1418 |    86 ||  1765
       Scimitar          |       |       |       |       |     5 |       ||     5
Throw: Javelin           |    26 |    41 |    19 |       |    72 |       ||   158
 Cast: Repel Missiles    |       |       |       |     1 |     2 |       ||     3
       Spectral Weapon   |       |       |       |       |     5 |       ||     5
 Abil: Breathe Fire      |       |       |    23 |    47 |    26 |       ||    96
Evoke: Wand              |       |       |       |     4 |     2 |       ||     6
       Phantom mirror    |       |       |       |       |     1 |       ||     1
       Deck              |       |       |       |       |     1 |       ||     1
  Use: Potion            |       |     4 |     3 |     1 |    12 |     9 ||    29
       Scroll            |       |       |    17 |    17 |    20 |     2 ||    56
 Stab: Sleeping          |     1 |       |     1 |       |     4 |       ||     6
       Confused          |     1 |     1 |       |     5 |    12 |       ||    19
       Petrifying        |       |       |     2 |     1 |     5 |       ||     8
       Paralysed         |       |       |     7 |     3 |    14 |     2 ||    26
       Invisible         |       |       |       |     2 |    10 |       ||    12
       Distracted        |       |       |       |     2 |     3 |       ||     5
       Fleeing           |       |       |       |       |     1 |       ||     1
  Eat: Chunk             |     4 |     6 |    22 |    29 |    55 |       ||   116
       Beef jerky        |       |       |       |     2 |     3 |       ||     5
       Bread ration      |       |       |       |     1 |       |       ||     1
       Royal jelly       |       |       |       |     1 |       |       ||     1
       Pizza             |       |       |       |       |     1 |       ||     1

Vault maps used:
D:1:      kilobyte_arrival_exit_the_forest, serial_bayou_lagoon_a,
          dk_noncrumbling_2
D:2:      fedhas_altar_1
D:3:      kennysheep_the_goblin_king, uniq_terence
D:4:      led_sif_pool, uniq_purgy
D:5:      kennysheep_mini, first_bread, serial_shops, shop,
          nicolae_shop_behind_doors, shop, nicolae_shop_behind_doors,
          nicolae_shop_stone, uniq_grinder
D:6:      gammafunk_temple_overflow_forgotten, serial_shops,
          kennysheep_mini_moat, basic_altar
D:7:      minmay_temple_entry_junction, uniq_menkaure, uniq_pikel, uniq_duvessa
D:8:      nicolae_whirlpool, serial_shops, shop, lemuel_flamethrower_2
D:9:      amethyst_overflow_temple_binary, uniq_grum
D:10:     hangedman_fish_farm, grunt_potential
D:11:     erik_lair_island, hangedman_minor_magic
D:12:     minmay_orc_entry_temple_small, basic_altar, kennysheep_diamond
D:13:     lightli_vaults_fourway_checkpoint
D:14:     portal_ice_cave_entry_ice_beasts, serial_glass, glass_columns_c,
          glass_columns_a, glass_columns_a, glass_columns_b, glass_columns_c,
          glass_columns_b, uniq_kirke
D:15:     grunt_enter_depths_hoard, nicolae_gozag_seed_capital, uniq_urug
Lair:1:   lightli_volcano_entry_magma_tube, infiniplex_staircase_pool
Lair:2:   minivault_24
Lair:3:   wad_woods_06, uniq_snorg
Lair:5:   swamp_mist_pool, zaba_anthell
Lair:6:   guppyfry_snake_entry_island, slime_dummy, bh_autumn_forest_stairs
Lair:7:   lemuel_fruit_fields, serial_bayou_shore_a
Lair:8:   hangedman_lair_in_review, hangedman_lair_caniforms_friends,
          bobbens_ice_dragon_lair, uniq_nessos
Swamp:1:  hangedman_swamp_lotus, uniq_aizul
Swamp:2:  evilmike_swamp_ruin_house_3, swamp_pool3,
          nicolae_swamp_alligator_family
IceCv:    ice_cave_statue_garden_01
Volcano:  volcano_bunker

Table legend:
 A = Turns spent in this place as a percentage of turns spent in the entire game.
 B = Non-inter-level travel turns spent in this place as a percentage of non-inter-level travel turns spent in the entire game.
 C = Inter-level travel turns spent in this place as a percentage of turns spent in this place.
 D = Turns resting spent in this place as a percentage of non-inter-level travel turns spent in this place.
 E = Turns spent auto-exploring this place as a percentage of non-inter-level travel turns spent in this place.
 F = Non-inter-level travel turns spent in this place divided by the number of levels of this place that you've seen.
                   A       B       C       D       E      F
               +-------+-------+-------+-------+-------+----------------------
         Total | 100.0 | 100.0 |   0.3 |   2.2 |   6.1 | 475.3
       Dungeon |  53.6 |  53.6 |   0.4 |   2.5 |   7.5 | 458.2
          Lair |  40.0 |  40.1 |   0.2 |   1.9 |   5.0 | 642.9
         Swamp |   3.1 |   3.1 |   0.0 |   3.3 |   2.8 | 197.5
      Ice Cave |   1.2 |   1.2 |   0.0 |   2.6 |   0.0 | 152.0
       Volcano |   2.1 |   2.1 |   0.0 |   0.0 |   0.0 | 271.0
               +-------+-------+-------+-------+-------+----------------------

Table legend:
 A = Kills in this place as a percentage of kills in entire the game.
 B = Kills by you in this place as a percentage of kills by you in the entire game.
 C = Kills by friends in this place as a percentage of kills by friends in the entire game.
 D = Other kills in this place as a percentage of other kills in the entire game.
 E = Experience gained in this place as a percentage of experience gained in the entire game.
 F = Experience gained in this place divided by the number of levels of this place that you have seen.
                   A       B       C       D       E      F
               +-------+-------+-------+-------+-------+----------------------
         Total | 100.0 | 100.0 | 100.0 | 100.0 | 100.0 | 5863.3
       Dungeon |  50.8 |  52.6 |  15.7 |  57.1 |  42.6 | 4496.9
          Lair |  45.5 |  43.5 |  84.3 |  42.9 |  50.2 | 9927.9
         Swamp |   1.9 |   2.0 |   0.0 |   0.0 |   4.1 | 3271.0
      Ice Cave |   0.9 |   0.9 |   0.0 |   0.0 |   1.4 | 2269.0
       Volcano |   0.9 |   0.9 |   0.0 |   0.0 |   1.7 | 2622.0
               +-------+-------+-------+-------+-------+----------------------
